 Dungeon Crawl Stone Soup version 0.27-a0-1137-g3ef0f4ec91 (webtiles) character file.

Game seed: 7996686646379533069

1 Zeld the Shield-Bearer (level 1, -1/16 HPs)
             Began as an Octopode Fighter on May 6, 2021.
             Slain by a kobold
             ... wielding a +0 short sword
              (4 damage)
             ... on level 1 of the Dungeon.
             The game lasted 00:00:52 (14 turns).

Zeld the Shield-Bearer (Octopode Fighter)             Turns: 14, Time: 00:00:53

Health: -1/16      AC:  1    Str: 15    XL:     1   Next: 20%
Magic:  1/1        EV: 11    Int: 10    God:
Gold:   0          SH:  8    Dex: 11    Spells: 0/0 levels left

rFire    . . .     SeeInvis .   a - +0 war axe
rCold    . . .     Faith    .   b - +0 kite shield
rNeg     . . .     Spirit   .   (helmet restricted)
rPois    .         Reflect  .   (no amulet)
rElec    .         Harm     .   (no ring)
rCorr    .         Rampage  .   (no ring)
Will     .....                  (no ring)
Stlth    ++........             (no ring)
HPRegen  0.05/turn              (no ring)
MPRegen  0.07/turn              (no ring)
                                (no ring)
                                (no ring)

@: no status effects
A: almost no armour, amphibious, 8 rings, camouflage 1, gelatinous body 1,
(nimble swimmer 1), tentacles
a: no special abilities


You were on level 1 of the Dungeon.
You visited 1 branch of the dungeon, and saw 1 of its levels.

Inventory:

Hand Weapons
 a - a +0 war axe (weapon)
Armour
 b - a +0 kite shield (worn)
Potions
 c - a potion of might
 d - a potion of magic {unknown}


   Skills:
 * Level 3.0 Fighting
 * Level 2.0 Axes
 - Level 3.0 Dodging
 * Level 3.0 Shields


You couldn't memorise any spells.
You didn't know any spells.
Your spell library was empty.

Dungeon Overview and Level Annotations

Branches:
Dungeon (1/15)

Altars:


Innate Abilities, Weirdness & Mutations

You cannot wear most types of armour.
You are amphibious.
You can wear up to eight rings at the same time.
Your skin changes colour to match your surroundings (Stealth+).
Your rubbery body absorbs attacks. (AC +1, EV +1)
((You are camouflaged near water. (Stealth+)))
You have tentacles for arms and can constrict up to eight enemies at once.


Message History

Welcome, Zeld the Octopode Fighter.
Will you prevail where others failed? Will you find the Orb of Zot?
Press ? for a list of commands and other information.
Found a fizzy dark potion.
Found a staircase leading out of the dungeon.
Setting a skill training target for Axes at 16.0.
Setting a skill training target for Shields at 15.0.
Search for what [? for help]? hat Can't find anything matching that.
Unknown command.
d - a fizzy dark potion A hobgoblin comes into view.
A hobgoblin is nearby!
A hobgoblin is nearby!
A kobold comes into view. It is wielding a +0 short sword.
The hobgoblin shouts!
You hear a bark!
The kobold shouts!
You hear a bark! x3 4 jackals come into view.
The hobgoblin hits you.
You slash the hobgoblin!
You kill the hobgoblin!
You miss the kobold. You grab the kobold. You hit the jackal but do no damage.
You constrict the kobold. The jackal bites you. You block the kobold's attack.
The jackal barely misses you.
The kobold hits you with a +0 short sword.
A rat comes into view.
The jackal bites you.
You are too injured to fight recklessly!
You hit the kobold but do no damage.
The kobold is severely wounded.
You barely miss the jackal.
You constrict the kobold, but do no damage.
You block the jackal's attack. You block the kobold's attack.
The jackal bites you.
* * * LOW HITPOINT WARNING * * *
The kobold hits you with a +0 short sword.
You die...

# .. ##### ...
####...#### ....
######.........# .....
#.........<.....
......###.####.........#
.....hK@.....####...####
.....hh#####.# #####
......h .. ..r.... ##
....... .....#. .....#.
.....#.


You could see 4 jackals, a kobold and a rat.

Vanquished Creatures
  A hobgoblin (D:1)
1 creature vanquished.

Notes
Turn   | Place    | Note
-------+----------+-------------------------------------------
     0 | D:1      | Zeld the Octopode Fighter began the quest for the Orb.
     0 | D:1      | Reached XP level 1. HP: 16/16 MP: 1/1
    14 | D:1      | Slain by a kobold

Illustrated notes

Levels and vault maps discovered:
D:1:      dpeg_arrival_rhombus, layout_basic,
          ebering_ecumenical_altar_sacrificial, serial_shops, shop_fountains

Action                   || total
-------------------------++-------
Melee: War axe           ||     3
       Constrict         ||     1
Dodge: Dodged            ||     1
Block: Kite shield       ||     3

Table legend: (Time is in decaauts)
 A = Elapsed time spent in this place.
 B = Non-inter-level travel time spent in this place.
 C = Inter-level travel time spent in this place.
 D = Time resting spent in this place.
 E = Time spent auto-exploring this place.
 F = Levels seen in this place.
 G = Mean time per level.
                   A        B        C        D        E       F      G
               +--------+--------+--------+--------+--------+-----+--------+
         Total |     15 |     15 |      0 |      0 |      6 |   1 |   15.0 |
       Dungeon |     15 |     15 |      0 |      0 |      6 |   1 |   15.0 |
               +--------+--------+--------+--------+--------+-----+--------+

Top non-repeatable levels by time:
     D:1: 15 daAuts
